 Dungeon Crawl Stone Soup version 0.24-a0-537-g2d01d4ab0a (webtiles) character file.

Game seed: 13352408154656404914

221 Napalmbreeze the Sneak (level 5, -7/37 HPs)
             Began as an Octopode Assassin on Aug 15, 2019.
             Was a Follower of Dithmenos.
             Mangled by an orc
             ... wielding a +0 trident
              (9 damage)
             ... on level 3 of the Dungeon.
             The game lasted 00:07:57 (2400 turns).

Napalmbreeze the Sneak (Octopode Assassin)          Turns: 2400, Time: 00:08:00

Health: -7/37      AC:  8    Str: 11    XL:     5   Next: 98%
Magic:  5/5        EV: 14    Int: 13    God:    Dithmenos [*.....]
Gold:   114        SH:  0    Dex: 14    Spells: 4/4 levels left

rFire    . . .     SeeInvis .   p - +1 dagger (protect)
rCold    . . .     Gourm    .   (no shield)
rNeg     . . .     Faith    .   (helmet restricted)
rPois    .         Spirit   .   (no amulet)
rElec    .         Reflect  .   (no ring)
rCorr    .         Harm     .   (no ring)
MR       .....                  (no ring)
Stlth    +++++.....             (no ring)
HPRegen  0.12/turn              (no ring)
MPRegen  0.09/turn              (no ring)
                                (no ring)
                                (no ring)

@: protection aura, wreathed by umbra
A: almost no armour, stealthy swim, amphibious, 8 rings, constrict 8, camouflage
1, gelatinous body 1
a: Renounce Religion


You were on level 3 of the Dungeon.
You worshipped Dithmenos.
Dithmenos was aware of your devotion.
You were not hungry.

You visited 1 branch of the dungeon, and saw 3 of its levels.

You collected 114 gold pieces.

Inventory:

Hand Weapons
 a - a +2 dagger
 p - a +1 dagger of protection (weapon)
Missiles
 b - 15 poisoned darts (quivered)
 c - 2 curare-tipped darts
Jewellery
 r - an uncursed ring of poison resistance
Scrolls
 e - a scroll of blinking {unknown}
 j - 2 scrolls of enchant weapon {unknown}
 k - 2 scrolls of identify {unknown}
 l - a scroll of teleportation {unknown}
Potions
 f - 2 potions of heal wounds {unknown}
 g - a potion of resistance {unknown}
 h - 2 potions of degeneration {unknown}
 i - a potion of brilliance {unknown}
 n - a potion of lignification {unknown}
 o - a potion of magic {unknown}
 q - a potion of curing {unknown}
Comestibles
 d - 5 rations
 m - 7 chunks of flesh


   Skills:
 * Level 4.0 Fighting
 + Level 3.2 Short Blades
 - Level 2.0 Throwing
 + Level 2.5 Dodging
 + Level 6.4 Stealth


You had 4 spell levels left.
You didn't know any spells.
Your spell library was empty.

Dungeon Overview and Level Annotations

Branches:
Dungeon (3/15)

Altars:
Dithmenos


Innate Abilities, Weirdness & Mutations

You cannot wear most types of armour.
You are very stealthy in the water. (Stealth+)
You are amphibious.
You can wear up to eight rings at the same time.
You can use your tentacles to constrict eight enemies at once.
Your skin changes colour to match your surroundings (Stealth+).
Your rubbery body absorbs attacks. (AC +1, EV +1)


Message History

Unknown command.
You hit the orc priest.
The orc priest is heavily wounded.
You constrict the orc priest, but do no damage.
The orc priest invokes the aid of Beogh against you.
Beogh smites you!
* * * LOW HITPOINT WARNING * * *
The orc completely misses you.
You hit the orc priest.
The orc priest is severely wounded.
You constrict the orc priest.
The orc priest hits you but does no damage.
Unknown command.
You hit the orc priest but do no damage.
You squeeze the orc priest.
You kill the orc priest!
Dithmenos accepts your kill.
Your Fighting skill increases to level 4!
The orc hits you with a +0 trident!
You die...

#### ...# ##########
#...###....)....
................
####o...###.....)...
#.%@)...# #.........
##########
###.#######
#.........
#..>.....###...#
#.........
.........##..###
#.........
#...........###
#........)
#........#....#
#.####.###
#..........##..# #.#
#.# #
##........####.##
###.# #.###
########.........
#...####.#..


You could see an orc.

Vanquished Creatures
  A crimson imp (D:3)
  An orc priest (D:3)
  Jessica (D:2)
  5 adders
  An ooze (D:2)
  3 worms
  A dart slug (D:3)
  4 leopard geckos
  2 orcs (D:3)
  4 bats
  6 giant cockroaches
  6 goblins
  6 hobgoblins
  8 jackals (D:2)
  6 kobolds
  7 frilled lizards
  6 rats
68 creatures vanquished.

Notes
Turn   | Place    | Note
-------+----------+-------------------------------------------
     0 | D:1      | Napalmbreeze the Octopode Assassin began the quest for the
                  | Orb.
     0 | D:1      | Reached XP level 1. HP: 14/14 MP: 1/1
   396 | D:1      | Reached XP level 2. HP: 19/19 MP: 2/2
  1049 | D:2      | Found a shadowy altar of Dithmenos.
  1086 | D:2      | Reached XP level 3. HP: 16/25 MP: 3/3
  1231 | D:2      | Became a worshipper of Dithmenos the Shadowed
  1539 | D:2      | Noticed Jessica
  1546 | D:2      | Killed Jessica
  1546 | D:2      | Reached XP level 4. HP: 30/31 MP: 4/4
  1825 | D:2      | Reached skill level 6 in Stealth
  2019 | D:3      | Reached * piety under Dithmenos
  2141 | D:3      | Reached XP level 5. HP: 36/36 MP: 5/5
  2400 | D:3      | Mangled by an orc

Levels and vault maps discovered:
D:1:      wheals_arrival_shading, layout_basic,
          hangedman_abyss_or_decor_lesser_grid
D:2:      layout_loops_ring, grunt_dithmenos_smoke, uniq_jessica
D:3:      layout_rooms, first_ration, kennysheep_generic_room_2

Skill      XL: |  1  2  3  4  5 |
---------------+----------------+-----
Fighting       | 3 4 |  4.0
Dodging        | 2 |  2.5
Stealth        | 6 |  6.4
Short Blades   | 3 |  3.2
Throwing       | |  2.0

Action                   |  1- 3 |  4- 6 || total
-------------------------+-------+-------++-------
Melee: Dagger            |    66 |    88 ||   154
       Constrict         |    18 |    17 ||    35
       Tentacles         |    10 |    12 ||    22
 Stab: Sleeping          |     6 |    14 ||    20
  Eat: Chunk             |     2 |     3 ||     5
Armor: Skin              |     6 |    13 ||    19
Dodge: Dodged            |    30 |    55 ||    85

Table legend:
 A = Non-vault XP
 B = Vault XP
 C = Vault XP percentage of total XP
 D = Non-vault monster count
 E = Vault monster count
 F = Vault count percentage of total count
                 A         B        C        D         E       F
            +---------+---------+-------+---------+---------+-------
      Total |     276 |      41 |  12.9 |      64 |       4 |   5.9
            +---------+---------+-------+---------+---------+-------
        D:1 |      24 |       0 |   0.0 |      12 |       0 |   0.0
        D:2 |      67 |      37 |  35.6 |      26 |       1 |   3.7
        D:3 |     185 |       4 |   2.1 |      26 |       3 |  10.3
            +---------+---------+-------+---------+---------+-------
